[Event "ICC Open 2015"]
[Site "Internet Chess Club"]
[Date "2015.05.29"]
[Round "3"]
[White "Irenaeus"]
[Black "RedCard"]
[Result "0-1"]
[ICCResult "White resigns"]
[WhiteElo "1751"]
[BlackElo "2182"]
[Opening "Sicilian: Grand Prix attack"]
[ECO "B23"]
[NIC "SI.44"]
[Time "14:26:02"]
[TimeControl "180+0"]

1. e4 c5 2. Nc3 Nc6 3. f4 g6 4. Nf3 Bg7 5. Bb5 e6 6. Bxc6 dxc6 7. e5 Ne7 8.
Ne4 O-O 9. Nxc5 f6 10. d4 b6 11. Nd3 Bb7 12. O-O Nf5 13. c3 Qe7 14. Qe2 Rad8
15. exf6 Bxf6 16. Nfe5 c5 17. Be3 Nxe3 18. Qxe3 cxd4 19. cxd4 Qd6 20. Rad1
Qxd4 21. Qxd4 Rxd4 22. Ng4 Bg7 23. Nde5 Rdxf4 24. Rxf4 Rxf4 25. Rd7 Bd5 26.
g3 Rf8 27. Rxa7 h5 28. Nxg6 hxg4 29. Nxf8 Bxf8 30. Kf2 b5 31. Ke2 Bc5 32.
Rc7 Bd4 33. b3 Bg1 34. a4 bxa4 35. bxa4 Bxh2 36. a5 Bxg3 37. a6 Bxc7
{White resigns}
0-1

[Event "ICC Open 2015"]
[Site "Internet Chess Club"]
[Date "2015.05.29"]
[Round "3"]
[White "isodung"]
[Black "Zigfrid"]
[Result "0-1"]
[ICCResult "White checkmated"]
[WhiteElo "2653"]
[BlackElo "3178"]
[Opening "Sicilian: closed, 6.f4"]
[ECO "B25"]
[NIC "SI.45"]
[Time "14:25:30"]
[TimeControl "180+0"]

1. e4 c5 2. Nc3 Nc6 3. g3 g6 4. Bg2 Bg7 5. d3 d6 6. f4 e6 7. Nf3 Nge7 8. O-O
O-O 9. Be3 Nd4 10. Bf2 Bd7 11. g4 Bc6 12. Nxd4 cxd4 13. Ne2 e5 14. f5 gxf5
15. gxf5 f6 16. Kh1 Kh8 17. Qd2 Ng8 18. Ng3 Bh6 19. Qe2 Qe8 20. Bf3 Ne7 21.
Rg1 Rg8 22. Rg2 Qf7 23. Bh5 Qf8 24. Rag1 b6 25. Nf1 Rxg2 26. Rxg2 Rc8 27.
Bh4 Ba4 28. b3 Bc6 29. Qg4 d5 30. Ng3 Bf4 31. exd5 Nxd5 32. Ne4 Bh6 33. Qg3
Bg7 34. Bf3 Rc7 35. Rf2 Ne3 36. Qh3 Bd7 37. Ng3 Nxc2 38. Be4 Ne3 39. Nf1 Rc1
40. Qf3 Qc8 41. h3 Qc3 42. Kh2 Qe1 43. Nxe3 Qg1# {White checkmated} 0-1

[Event "ICC Open 2015"]
[Site "Internet Chess Club"]
[Date "2015.05.29"]
[Round "3"]
[White "Sebs"]
[Black "chabotheking"]
[Result "1-0"]
[ICCResult "Black resigns"]
[WhiteElo "2902"]
[BlackElo "2430"]
[Opening "King's Indian: Four pawns attack"]
[ECO "E76"]
[NIC "KI.31"]
[Time "14:26:39"]
[TimeControl "180+0"]

1. d4 Nf6 2. c4 g6 3. Nc3 Bg7 4. e4 d6 5. f4 O-O 6. Nf3 Na6 7. Bd3 e5 8.
fxe5 dxe5 9. d5 Ne8 10. O-O c5 11. Bg5 f6 12. Be3 b6 13. a3 Nd6 14. Qd2 Qe7
15. Rab1 Bd7 16. b4 Rac8 17. Qe2 h6 18. Nh4 Kh7 19. b5 Nc7 20. Qd2 f5 21.
Nxg6 Kxg6 22. exf5+ Bxf5 23. Rxf5 Nxf5 24. g4 e4 25. gxf5+ Kh7 26. Nxe4 Ne8
27. f6 {Black resigns} 1-0

[Event "ICC Open 2015"]
[Site "Internet Chess Club"]
[Date "2015.05.29"]
[Round "3"]
[White "mcplayerus"]
[Black "hangingpawns"]
[Result "1-0"]
[ICCResult "Black resigns"]
[WhiteElo "1765"]
[BlackElo "2097"]
[Opening "QGD"]
[ECO "D52"]
[NIC "SL.03"]
[Time "14:25:27"]
[TimeControl "180+0"]

1. d4 d5 2. c4 c6 3. Nc3 Nf6 4. Nf3 e6 5. Bg5 Nbd7 6. e3 Bd6 7. Bd3 O-O 8.
e4 dxe4 9. Nxe4 Qa5+ 10. Bd2 Bb4 11. Nc3 Qc7 12. a3 Be7 13. O-O a6 14. Re1
Re8 15. Qc2 Nf8 16. Ne5 c5 17. Bf4 Bd6 18. Ne4 Nxe4 19. Bxe4 cxd4 20. Rad1
Ng6 21. Bxg6 hxg6 22. Rxd4 b6 23. Bg3 Bb7 24. Rxd6 Qxd6 25. Nxf7 Qc6 26. f3
Kxf7 27. Re4 Rad8 28. Rf4+ Kg8 29. Qxg6 Qc5+ 30. Kf1 b5 31. Qf7+ Kh8 32.
Rh4+ {Black resigns} 1-0

[Event "ICC Open 2015"]
[Site "Internet Chess Club"]
[Date "2015.05.29"]
[Round "3"]
[White "playwaycool"]
[Black "Piranha"]
[Result "1-0"]
[ICCResult "Black resigns"]
[WhiteElo "2309"]
[BlackElo "1836"]
[Opening "Dutch"]
[ECO "A87"]
[NIC "HD.06"]
[Time "14:26:18"]
[TimeControl "180+0"]

1. d4 f5 2. Nf3 Nf6 3. g3 g6 4. Bg2 Bg7 5. O-O d6 6. c4 O-O 7. Nc3 Qe8 8.
Re1 Qf7 9. d5 h6 10. Qc2 a5 11. Be3 Na6 12. a3 e5 13. Rac1 Ng4 14. Bd2 e4
15. Nh4 g5 16. h3 Ne5 17. f4 gxh4 18. fxe5 Bxe5 19. Bxh6 Bxg3 20. Bxf8 Kxf8
21. Rf1 Nc5 22. b4 axb4 23. axb4 Na6 24. Qd2 Nxb4 25. Nxe4 f4 26. Nxg3 hxg3
27. Rxf4 {Black resigns} 1-0

[Event "ICC Open 2015"]
[Site "Internet Chess Club"]
[Date "2015.05.29"]
[Round "3"]
[White "gauss"]
[Black "BFavre"]
[Result "1-0"]
[ICCResult "Black checkmated"]
[WhiteElo "2093"]
[BlackElo "1713"]
[Opening "Benoni defense, Hromodka system"]
[ECO "A43"]
[NIC "OI.09"]
[Time "14:25:46"]
[TimeControl "180+0"]

1. d4 c5 2. d5 d6 3. c4 Nf6 4. Nc3 g6 5. Nf3 Bg7 6. e4 e6 7. Be2 exd5 8.
exd5 O-O 9. h3 Bf5 10. O-O Na6 11. Bf4 Nc7 12. Nd2 h6 13. a4 g5 14. Bh2 Re8
15. a5 a6 16. Re1 Ne4 17. Ndxe4 Bxe4 18. Nxe4 Rxe4 19. Qc2 Re8 20. Bd3 Qf6
21. Rab1 Rxe1+ 22. Rxe1 Re8 23. Rxe8+ Nxe8 24. b3 Qc3 25. Qb1 Qxa5 26. Bg3
Qc3 27. h4 b5 28. cxb5 axb5 29. Bxb5 Nf6 30. hxg5 hxg5 31. Bxd6 Nxd5 32. Bc4
Nf4 33. Qf5 Qe1+ 34. Kh2 Ne6 35. Bxc5 Be5+ 36. g3 Nxc5 37. Qxf7+ Kh8 38.
Qg8# {Black checkmated} 1-0

[Event "ICC Open 2015"]
[Site "Internet Chess Club"]
[Date "2015.05.29"]
[Round "3"]
[White "Providence"]
[Black "FlyAway"]
[Result "0-1"]
[ICCResult "White resigns"]
[WhiteElo "2262"]
[BlackElo "2821"]
[Opening "Sicilian: Alapin's variation (2.c3)"]
[ECO "B22"]
[NIC "SI.46"]
[Time "14:25:20"]
[TimeControl "180+0"]

1. e4 c5 2. c3 d5 3. exd5 Qxd5 4. d4 Nf6 5. Nf3 e6 6. Na3 Nc6 7. Be2 Qd8 8.
Nc2 Be7 9. O-O O-O 10. Bf4 cxd4 11. Ncxd4 Nxd4 12. Nxd4 Nd5 13. Bg3 Bd7 14.
Bf3 Qb6 15. Qc2 Rfc8 16. Rad1 Bf6 17. Qb1 Ba4 18. Rd2 Rd8 19. h4 Rac8 20. h5
Ne7 21. h6 g6 22. Re1 Nf5 23. Nxf5 Rxd2 24. Ne3 Qxb2 25. Qe4 Qxc3 26. Qxa4
Rd4 27. Qxa7 Qxe1+ 28. Kh2 Qb4 29. a3 Rh4+ 30. Bxh4 Qxh4+ 31. Kg1 Qxh6 32.
Qb8 Rxb8 {White resigns} 0-1

[Event "ICC Open 2015"]
[Site "Internet Chess Club"]
[Date "2015.05.29"]
[Round "3"]
[White "pvchandu"]
[Black "Unico"]
[Result "0-1"]
[ICCResult "White checkmated"]
[WhiteElo "1558"]
[BlackElo "2044"]
[Opening "Benoni: classical with e4 and Nf3"]
[ECO "A70"]
[NIC "BI.20"]
[Time "14:26:34"]
[TimeControl "180+0"]

1. d4 c5 2. d5 Nf6 3. c4 e6 4. Nc3 exd5 5. cxd5 g6 6. e4 d6 7. Nf3 Bg7 8.
Bd3 O-O 9. O-O Bg4 10. h3 Bxf3 11. Qxf3 Na6 12. Rb1 Nd7 13. Bd2 Ne5 14. Qe2
Nb4 15. Bf4 Nbxd3 16. Bxe5 Nxe5 17. f4 Nd7 18. f5 Qh4 19. Rbe1 Rae8 20. Qd3
Ne5 21. Qb5 Ng4 22. Rf3 Bd4+ 23. Kh1 Qxe1+ 24. Rf1 Qg3 25. Ne2 Qh2#
{White checkmated}
0-1

[Event "ICC Open 2015"]
[Site "Internet Chess Club"]
[Date "2015.05.29"]
[Round "3"]
[White "mvillalba"]
[Black "born2die"]
[Result "1-0"]
[ICCResult "Black resigns"]
[WhiteElo "2106"]
[BlackElo "1731"]
[Opening "Scandinavian (center counter) defense"]
[ECO "B01"]
[NIC "SD.01"]
[Time "14:26:17"]
[TimeControl "180+0"]

1. e4 d5 2. exd5 Qxd5 3. Nc3 Qa5 4. Nf3 c6 5. d4 Nf6 6. Ne5 Bf5 7. Bc4 e6 8.
O-O Nbd7 9. Re1 Bd6 10. Qe2 O-O 11. Bg5 Bxe5 12. dxe5 Nd5 13. Bxd5 exd5 14.
Be7 Rfe8 15. Bd6 Re6 16. Qd2 Rae8 17. f4 Nc5 18. Bxc5 Qxc5+ 19. Kh1 d4 20.
Ne4 Bxe4 21. Rxe4 Rd8 22. Rae1 Qd5 23. f5 Ree8 24. e6 fxe6 25. fxe6 Re7 26.
b3 c5 27. Re5 Qd6 28. Qf4 b6 29. Qe4 Rde8 30. h3 g6 31. a4 Kg7 32. h4 a6 33.
h5 b5 34. axb5 axb5 35. Kg1 c4 36. bxc4 bxc4 37. Rd5 Qxe6 38. Qxd4+ Qf6 39.
h6+ Kf7 40. Rf1 Re1 41. Qxf6+ {Black resigns} 1-0

[Event "ICC Open 2015"]
[Site "Internet Chess Club"]
[Date "2015.05.29"]
[Round "3"]
[White "marabu"]
[Black "IlValentino"]
[Result "1-0"]
[ICCResult "Black forfeits on time"]
[WhiteElo "2017"]
[BlackElo "1420"]
[Opening "Réti: old Indian attack"]
[ECO "A00"]
[NIC "VO.13"]
[Time "14:25:43"]
[TimeControl "180+0"]

1. d3 d5 2. Nf3 c5 3. g3 Nc6 4. Bg2 e6 5. O-O Qc7 6. Nbd2 Bd6 7. e4 d4 8.
Nc4 Be7 9. a4 a6 10. Bd2 Bf6 11. a5 e5 12. Nb6 Rb8 13. Qe2 Bg4 14. h3 Bxf3
15. Bxf3 Nge7 16. Kg2 O-O 17. h4 g6 18. h5 g5 19. Bg4 Rfd8 20. Qf3 Bg7 21.
Bxg5 Re8 22. h6 Bh8 23. Bxe7 Rxe7 24. Nd5 Qd8 25. Nxe7+ Qxe7 26. Bf5 Nd8 27.
Qg4+ Kf8 28. Bxh7 Qf6 29. Qg8+ Ke7 30. f4 Nc6 31. fxe5 Rxg8 32. exf6+ Kf8
33. Bxg8 Kxg8 34. Rf5 Kf8 35. g4 Ke8 36. g5 Nd8 37. Rxc5 Ne6 38. Re5
{Black forfeits on time}
1-0

[Event "ICC Open 2015"]
[Site "Internet Chess Club"]
[Date "2015.05.29"]
[Round "3"]
[White "NAS"]
[Black "WilliamChandler"]
[Result "1-0"]
[ICCResult "Black checkmated"]
[WhiteElo "1668"]
[BlackElo "1449"]
[Opening "Scandinavian defense"]
[ECO "B01"]
[NIC "SD.03"]
[Time "14:25:52"]
[TimeControl "180+0"]

1. e4 d5 2. exd5 Nf6 3. d4 Bg4 4. Be2 Bxe2 5. Nxe2 Qxd5 6. O-O Nc6 7. c4 Qf5
8. Be3 O-O-O 9. Nbc3 e6 10. a3 h5 11. b4 a6 12. b5 axb5 13. cxb5 Ne5 14. Qa4
Neg4 15. Ng3 Qh7 16. b6 Bd6 17. bxc7 Bxc7 18. Nb5 h4 19. Nxc7 hxg3 20. Qa8+
Kxc7 21. Rfc1+ Kd7 22. Qxb7+ Ke8 23. h3 gxf2+ 24. Bxf2 Nxf2 25. Kxf2 Qf5+
26. Kg1 Ne4 27. Rf1 Qd5 28. Qxf7# {Black checkmated} 1-0

[Event "ICC Open 2015"]
[Site "Internet Chess Club"]
[Date "2015.05.29"]
[Round "3"]
[White "Estocolmov"]
[Black "kolding"]
[Result "1-0"]
[ICCResult "Black resigns"]
[WhiteElo "2239"]
[BlackElo "1796"]
[Opening "Trompowsky attack (Ruth, Opocenský opening)"]
[ECO "A45"]
[NIC "QP.07"]
[Time "14:25:59"]
[TimeControl "180+0"]

1. d4 Nf6 2. Bg5 c6 3. Bxf6 gxf6 4. g3 Bg7 5. Bg2 e5 6. e3 Qa5+ 7. c3 d5 8.
Ne2 Bg4 9. O-O Nd7 10. Nd2 e4 11. Re1 O-O 12. c4 f5 13. Qb3 Qb6 14. cxd5
cxd5 15. Nf4 Qxb3 16. Nxb3 Nb6 17. Rac1 Rac8 18. Nc5 Rc7 19. Nb3 Rfc8 20.
Rxc7 Rxc7 21. Rc1 Rxc1+ 22. Nxc1 Bf8 23. Bf1 a6 24. Nce2 Bh6 25. Nc3 Bxf4
26. gxf4 Kf8 27. Kg2 Ke7 28. Kg3 Ke6 29. Kh4 Nd7 30. Kg5 Nf6 31. Bg2 b5 32.
h3 Bh5 33. Nxd5 Nxd5 34. Kxh5 Nb4 35. Kh6 Nxa2 36. Kxh7 a5 37. Kg7 Nc1 38.
h4 Nd3 39. h5 Nxb2 40. h6 a4 41. h7 a3 42. h8=Q a2 43. Qa8 {Black resigns}
1-0

[Event "ICC Open 2015"]
[Site "Internet Chess Club"]
[Date "2015.05.29"]
[Round "3"]
[White "dafresh"]
[Black "ErnestoRondon"]
[Result "0-1"]
[ICCResult "White forfeits on time"]
[WhiteElo "2239"]
[BlackElo "1854"]
[Opening "Benkö gambit half accepted"]
[ECO "A57"]
[NIC "BI.45"]
[Time "14:25:31"]
[TimeControl "180+0"]

1. d4 Nf6 2. c4 c5 3. d5 b5 4. cxb5 a6 5. b6 Qxb6 6. Nc3 d6 7. e4 g6 8. Nf3
Bg7 9. Be2 O-O 10. Nd2 a5 11. Nc4 Qc7 12. O-O Nbd7 13. Re1 Nb6 14. Nxb6 Qxb6
15. a4 Ba6 16. Bb5 Bxb5 17. axb5 c4 18. Be3 Qc7 19. b6 Qb7 20. Qa4 Rfc8 21.
Rad1 Nd7 22. Qb5 Nc5 23. Ra1 a4 24. Nxa4 Nxa4 25. Rxa4 Rxa4 26. Qxa4 Bxb2
27. Qa7 Rb8 28. Rb1 c3 29. Qxb7 Rxb7 30. Kf1 Kf8 31. Ke2 Ke8 32. Kd3 Kd7 33.
Kc2 Kc8 34. Bd4 Rb8 35. Bxc3 Bxc3 36. Kxc3 Kb7 37. Kd4 Rc8 38. Rb2 Rc1 39.
f4 Rf1 40. g3 h5 41. e5 Re1 42. exd6 exd6 43. Rc2 Kxb6 44. Rc6+ Kb7 45. Rxd6
Kc7 46. Rf6 Re2 47. Rxf7+ Kd6 48. Rf6+ Kd7 49. Rxg6 Rxh2 50. f5 h4 51. gxh4
Rxh4+ 52. Ke5 Rh1 53. Rg7+ Ke8 54. f6 Re1+ 55. Kd6 Kf8 56. Re7 Rf1 57. Ke6
Re1+ {White forfeits on time} 0-1

[Event "ICC Open 2015"]
[Site "Internet Chess Club"]
[Date "2015.05.29"]
[Round "3"]
[White "eltigrecu"]
[Black "slothchess"]
[Result "1-0"]
[ICCResult "Black forfeits on time"]
[WhiteElo "2034"]
[BlackElo "1541"]
[Opening "Trompowsky attack (Ruth, Opocenský opening)"]
[ECO "A45"]
[NIC "QP.07"]
[Time "14:25:23"]
[TimeControl "180+0"]

1. d4 Nf6 2. Bg5 Ne4 3. Bf4 c5 4. f3 Qa5+ 5. c3 Nf6 6. Nd2 cxd4 7. Nb3 Qf5
8. Qxd4 Nc6 9. Qd2 d5 10. e3 e5 11. Bg3 Be7 12. Bb5 Bd7 13. Ne2 O-O 14. O-O
a6 15. Bd3 Qe6 16. Rad1 Nh5 17. Bf2 Rfd8 18. Qc2 Nf6 19. Ng3 g6 20. e4 b5
21. exd5 Nxd5 22. Bc5 Nf4 23. Be4 Be8 24. Rfe1 Bxc5+ 25. Nxc5 Qe7 26. b4 Ra7
27. Ne2 a5 28. Nxf4 exf4 29. a3 Rxd1 30. Qxd1 Ne5 31. Bd5 Kg7 32. Qe2 f6 33.
Ne6+ Kf7 34. Nxf4+ Kg7 35. Ne6+ Kh8 36. f4 Nc4 37. Bxc4 bxc4 38. Qxc4 Bf7
39. Qc8+ Be8 40. Kf2 Rd7 41. Nd4 {Black forfeits on time} 1-0

[Event "ICC Open 2015"]
[Site "Internet Chess Club"]
[Date "2015.05.29"]
[Round "3"]
[White "MWeston"]
[Black "waynerooney"]
[Result "1-0"]
[ICCResult "Black forfeits on time"]
[WhiteElo "2740"]
[BlackElo "1956"]
[Opening "Nimzovich-Larsen attack: Indian variation"]
[ECO "A01"]
[NIC "VO.08"]
[Time "14:26:00"]
[TimeControl "180+0"]

1. b3 Nf6 2. Bb2 d5 3. e3 e6 4. d3 Be7 5. Nd2 O-O 6. Be2 c5 7. g4 h6 8. h4
d4 9. e4 Ne8 10. g5 hxg5 11. hxg5 Bxg5 12. Ngf3 Bf6 13. e5 Be7 14. Ne4 f5
15. exf6 Nxf6 16. Nfg5 Nxe4 17. Nxe4 b6 18. Bg4 Nc6 19. Bc1 Ne5 20. f4 Nf7
21. Qe2 Bh4+ 22. Kd1 Nh6 23. Bf3 Bb7 24. Qh2 Nf5 25. Bd2 b5 26. Kc1 c4 27.
Bb4 Rf7 28. Bg4 cxd3 29. cxd3 Rc8+ 30. Kb2 Rfc7 31. Rac1 Bxe4 32. dxe4 Rxc1
33. Rxc1 Rxc1 34. Kxc1 Bg3 35. Qh3 Qc7+ 36. Kb2 Bxf4 37. Qh1 Ne3 38. Bxe6+
{Black forfeits on time}
1-0

[Event "ICC Open 2015"]
[Site "Internet Chess Club"]
[Date "2015.05.29"]
[Round "3"]
[White "Sjelan"]
[Black "nitishdas"]
[Result "1-0"]
[ICCResult "Black resigns"]
[WhiteElo "2223"]
[BlackElo "1788"]
[Opening "King's Indian, 3.Nf3"]
[ECO "E61"]
[NIC "QP.06"]
[Time "14:25:59"]
[TimeControl "180+0"]

1. d4 Nf6 2. Nf3 g6 3. c4 Bg7 4. Nc3 O-O 5. Bf4 d6 6. e3 Nbd7 7. Be2 Re8 8.
O-O c6 9. h3 Qc7 10. c5 e5 11. cxd6 Qxd6 12. Nxe5 Nxe5 13. Bxe5 Rxe5 14.
dxe5 Qxe5 15. Qd8+ Bf8 16. Rad1 Bxh3 17. Qxa8 Bxg2 18. f4 Qxe3+ 19. Kxg2 Kg7
20. Qc8 Ne4 21. Qh3 {Black resigns} 1-0

[Event "ICC Open 2015"]
[Site "Internet Chess Club"]
[Date "2015.05.29"]
[Round "3"]
[White "magdykassem"]
[Black "Kempka"]
[Result "1-0"]
[ICCResult "Black resigns"]
[WhiteElo "1761"]
[BlackElo "2782"]
[Opening "Sicilian: closed"]
[ECO "B23"]
[NIC "SI.44"]
[Time "14:26:29"]
[TimeControl "180+0"]

1. e4 c5 2. Nc3 d6 3. f4 e5 4. Nf3 exf4 5. d4 cxd4 6. Qxd4 Nc6 7. Bb5 Qf6 8.
e5 dxe5 9. Nxe5 Ne7 10. O-O a6 11. Ne4 Qe6 12. Nd6+ Kd8 13. Ndxf7+ Kc7 14.
Nxc6 axb5 15. Bxf4+ {Black resigns} 1-0

[Event "ICC Open 2015"]
[Site "Internet Chess Club"]
[Date "2015.05.29"]
[Round "3"]
[White "talaatabdin"]
[Black "bigali"]
[Result "0-1"]
[ICCResult "White resigns"]
[WhiteElo "1338"]
[BlackElo "1620"]
[Opening "KP: Nimzovich defense"]
[ECO "B00"]
[NIC "VO.04"]
[Time "14:26:15"]
[TimeControl "180+0"]

1. e4 Nc6 2. d4 e5 3. dxe5 Nxe5 4. f4 Nc6 5. Nf3 d6 6. Bc4 Be6 7. Bxe6 fxe6
8. O-O Qd7 9. Nc3 O-O-O 10. Be3 Nf6 11. Qe2 e5 12. fxe5 Nxe5 13. Nxe5 dxe5
14. Rad1 Qe7 15. Bxa7 Qb4 16. Rxd8+ Kxd8 17. Rd1+ Kc8 18. Be3 Bd6 19. Qd3
Qxb2 20. Nb5 Qb4 21. Nxd6+ cxd6 22. Qxd6 Qxd6 23. Rxd6 Nxe4 24. Bb6 Nxd6 25.
Bc5 Rd8 {White resigns} 0-1

[Event "ICC Open 2015"]
[Site "Internet Chess Club"]
[Date "2015.05.29"]
[Round "3"]
[White "franco"]
[Black "pawnloser"]
[Result "0-1"]
[ICCResult "White checkmated"]
[WhiteElo "1291"]
[BlackElo "1583"]
[Opening "Queen's pawn: stonewall attack"]
[ECO "A45"]
[NIC "QP.07"]
[Time "14:26:13"]
[TimeControl "180+0"]

1. d4 Nf6 2. e3 d5 3. Bd3 g6 4. Nd2 Bg7 5. c3 O-O 6. Ngf3 b6 7. O-O Bb7 8.
Re1 Nbd7 9. e4 c5 10. exd5 Nxd5 11. dxc5 Nxc5 12. Bc2 e6 13. Ne4 Qc7 14.
Nxc5 Qxc5 15. Qe2 Nxc3 16. bxc3 Bxc3 17. Be3 Qa5 18. Ne5 Bxe1 19. Rxe1 Qxe5
20. Qd3 Rad8 21. Qf1 Qb2 22. Bb3 Qa3 23. g3 Qd6 24. Qh3 Qc6 25. Kf1 Qh1+ 26.
Ke2 Ba6+ 27. Bc4 Bxc4# {White checkmated} 0-1

[Event "ICC Open 2015"]
[Site "Internet Chess Club"]
[Date "2015.05.29"]
[Round "3"]
[White "FedoseevVl95"]
[Black "saya"]
[Result "1-0"]
[ICCResult "Black resigns"]
[WhiteElo "3119"]
[BlackElo "2665"]
[Opening "QGD: Cambridge Springs defense, Yugoslav variation"]
[ECO "D52"]
[NIC "QO.15"]
[Time "14:25:25"]
[TimeControl "180+0"]

1. d4 Nf6 2. c4 e6 3. Nc3 d5 4. Nf3 c6 5. Bg5 Nbd7 6. e3 Qa5 7. cxd5 Nxd5 8.
Qd2 Bb4 9. Rc1 b6 10. Bd3 Ba6 11. Bxa6 Qxa6 12. e4 Nxc3 13. bxc3 Ba3 14. Rc2
O-O 15. Qe2 Qa4 16. O-O Rfe8 17. Rb1 Rac8 18. Rd2 h6 19. Be3 Bf8 20. h3 Nf6
21. Qd3 c5 22. Ne5 cxd4 23. cxd4 Red8 24. f3 Nd7 25. Ng4 Be7 26. Qb3 Qa5 27.
Rd3 Rc7 28. f4 Rdc8 29. Bd2 Qa6 30. Rf1 Qc4 31. Ne3 Qxb3 32. axb3 Nf6 33. e5
Ne4 34. d5 Bc5 35. d6 Rd7 36. Rd1 f6 37. b4 Bxe3+ 38. Bxe3 Rc4 39. Rd4 Rxd4
40. Rxd4 f5 41. Rc4 Kf7 42. Rc8 g5 43. Kf1 Kg6 44. Ke2 Kf7 45. g4 Kg6 46.
Kf3 Kf7 47. gxf5 exf5 48. Rh8 Kg7 49. e6 Rxd6 50. e7 Nf6 51. fxg5 hxg5 52.
Bxg5 {Black resigns} 1-0

[Event "ICC Open 2015"]
[Site "Internet Chess Club"]
[Date "2015.05.29"]
[Round "3"]
[White "jmichaels"]
[Black "Kenajode"]
[Result "0-1"]
[ICCResult "White resigns"]
[WhiteElo "956"]
[BlackElo "1645"]
[Opening "Torre attack (Tartakower variation)"]
[ECO "D03"]
[NIC "QP.08"]
[Time "14:27:07"]
[TimeControl "180+0"]

1. d4 d5 2. Nf3 Nf6 3. Bg5 e6 4. Nbd2 Nbd7 5. e3 c6 6. c3 Qb6 7. Qc1 Bd6 8.
Bd3 h6 9. Bxf6 Nxf6 10. h3 O-O 11. O-O Nd7 12. Re1 e5 13. dxe5 Nxe5 14. Nxe5
Bxe5 15. Nf3 Bc7 16. Qc2 Qc5 17. b4 Qd6 18. a3 f5 19. Nd4 Qh2+ 20. Kf1 Qh1+
21. Ke2 Qxg2 22. Nxf5 Bxf5 23. Bxf5 Bg3 24. Bg4 Rxf2+ {White resigns} 0-1

[Event "ICC Open 2015"]
[Site "Internet Chess Club"]
[Date "2015.05.29"]
[Round "3"]
[White "Schurick"]
[Black "PITCHUS"]
[Result "1-0"]
[ICCResult "Black resigns"]
[WhiteElo "2281"]
[BlackElo "1816"]
[Opening "Réti opening"]
[ECO "A04"]
[NIC "QP.11"]
[Time "14:27:06"]
[TimeControl "180+0"]

1. Nf3 c6 2. g3 d5 3. Bg2 Nd7 4. d3 g6 5. O-O Bg7 6. Nbd2 e5 7. e4 Ne7 8.
Re1 O-O 9. c3 b6 10. a4 Bb7 11. a5 bxa5 12. Nb3 Ba6 13. Rxa5 Qb6 14. Be3 d4
15. cxd4 exd4 16. Bg5 f6 17. Bf4 c5 18. Ra3 Nc6 19. Bd6 Nb4 20. Bxf8 Rxf8
21. Rxa6 Qxa6 22. Nbxd4 cxd4 23. Qb3+ Kh8 24. Qxb4 Qxd3 25. Qxd4 Qxd4 26.
Nxd4 f5 27. Ne6 Re8 28. Nxg7 Kxg7 29. Ra1 fxe4 30. Rxa7 Re7 31. Bh3 e3 32.
fxe3 Kf6 33. Rxd7 Rxe3 34. Rxh7 Re2 35. Rb7 Rc2 36. Bf1 Rc1 37. b4 Ke6 38.
b5 Kd6 39. Rb6+ Kc7 40. Rxg6 Rc3 41. h4 Rc2 42. Rc6+ {Black resigns} 1-0

[Event "ICC Open 2015"]
[Site "Internet Chess Club"]
[Date "2015.05.29"]
[Round "3"]
[White "IssaNissa"]
[Black "Dodgy"]
[Result "1-0"]
[ICCResult "Black checkmated"]
[WhiteElo "1820"]
[BlackElo "2169"]
[Opening "Queen's pawn game"]
[ECO "A45"]
[NIC "QP.07"]
[Time "14:26:02"]
[TimeControl "180+0"]

1. d4 Nf6 2. c3 c5 3. Nf3 d5 4. Bg5 Nc6 5. e3 e6 6. Bd3 Bd6 7. Nbd2 O-O 8.
Qe2 Be7 9. e4 dxe4 10. Nxe4 cxd4 11. O-O dxc3 12. Rad1 Nxe4 13. Bxe4 Qe8 14.
bxc3 Bxg5 15. Bxh7+ Kxh7 16. Nxg5+ Kg6 17. Qg4 f5 18. Qh4 Rh8 19. Qg3 Kf6
20. f4 Ne7 21. Nf3 Qg6 22. Qf2 Nc6 23. Rd6 Ke7 24. Qc5 Kf6 25. Re1 Rd8 26.
Rxd8 Nxd8 27. Qe5+ Kf7 28. Qc7+ Ke8 29. Ne5 Qf6 30. Rd1 Qe7 31. Rxd8+ Qxd8
32. Qf7# {Black checkmated} 1-0

[Event "ICC Open 2015"]
[Site "Internet Chess Club"]
[Date "2015.05.29"]
[Round "3"]
[White "playformaximum"]
[Black "PaYbAcK"]
[Result "1/2-1/2"]
[ICCResult "Game drawn because neither player has mating material"]
[WhiteElo "3039"]
[BlackElo "2643"]
[Opening "Nimzo-Indian: classical variation"]
[ECO "E32"]
[NIC "NI.24"]
[Time "14:25:20"]
[TimeControl "180+0"]

1. d4 Nf6 2. c4 e6 3. Nc3 Bb4 4. Qc2 d6 5. Nf3 O-O 6. g3 Nbd7 7. Bg2 e5 8.
dxe5 dxe5 9. O-O Re8 10. Rd1 c6 11. Ng5 Bxc3 12. Qxc3 e4 13. Qd4 Qe7 14. Bf4
h6 15. Bd6 Qd8 16. Nxe4 Nxe4 17. Bxe4 Nf6 18. Bf3 Bf5 19. Be5 Qxd4 20. Bxd4
Ne4 21. h4 Red8 22. Kf1 c5 23. Be3 Rac8 24. g4 Bh7 25. Ke1 b6 26. Rxd8+ Rxd8
27. Rd1 Rxd1+ 28. Kxd1 Nd6 29. b3 Be4 30. Bf4 Bxf3 31. exf3 Nc8 32. h5 f6
33. Kd2 Kf7 34. Kd3 Ke6 35. Ke4 Ne7 36. Bd2 Nc6 37. Bc3 Nd8 38. f4 Nc6 39.
f5+ Kd6 40. f4 Ne7 41. g5 Ng8 42. a3 a5 43. b4 axb4 44. axb4 Kc6 45. bxc5
Kxc5 46. Kd3 b5 47. cxb5 Kxb5 48. gxf6 Nxf6 49. Kd4 Kc6 50. Ke5 Kd7 51. Bb4
Nxh5 52. f6 Nxf6 53. Kf5 Nd5 54. Bf8 Ne7+ 55. Kg4 g6 56. Bxh6 Ke6 57. Kg5
Nd5 58. Kxg6 Nxf4+ {Game drawn because neither player has mating material}
1/2-1/2

[Event "ICC Open 2015"]
[Site "Internet Chess Club"]
[Date "2015.05.29"]
[Round "3"]
[White "Talion"]
[Black "Valai"]
[Result "1-0"]
[ICCResult "Black resigns"]
[WhiteElo "2954"]
[BlackElo "2482"]
[Opening "Queen's pawn: London system"]
[ECO "A45"]
[NIC "QP.07"]
[Time "14:26:01"]
[TimeControl "180+0"]

1. d4 Nf6 2. Bf4 d5 3. e3 c6 4. c4 e6 5. Nc3 Bd6 6. Bg3 O-O 7. Nf3 Ne4 8.
Bd3 f5 9. Bxd6 Qxd6 10. Ne5 Qb4 11. Qb3 Qxb3 12. axb3 Nd7 13. f4 Nxc3 14.
bxc3 Nxe5 15. fxe5 Bd7 16. c5 f4 17. Ke2 Be8 18. Rhf1 Bh5+ 19. Kd2 f3 20. g3
Bg4 21. Rf2 g5 22. e4 h5 23. exd5 exd5 24. b4 Be6 25. b5 g4 26. Ke3 Kg7 27.
Rfa2 cxb5 28. Rxa7 Rxa7 29. Rxa7 Rf7 30. Kf2 Bf5 31. Bxf5 Rxf5 32. c6 Rf8
33. Rxb7+ Kg6 34. Rxb5 Ra8 35. c7 Ra2+ 36. Ke3 f2 37. Rb6+ Kg5 38. Rf6 Ra8
39. Kxf2 h4 40. Rc6 hxg3+ 41. Kxg3 {Black resigns} 1-0

[Event "ICC Open 2015"]
[Site "Internet Chess Club"]
[Date "2015.05.29"]
[Round "3"]
[White "LastKeks"]
[Black "Kaiju"]
[Result "1-0"]
[ICCResult "Black checkmated"]
[WhiteElo "3230"]
[BlackElo "2101"]
[Opening "French: Winawer, advance, 6...Ne7"]
[ECO "C18"]
[NIC "FR.09"]
[Time "14:26:07"]
[TimeControl "180+0"]

1. e4 e6 2. d4 d5 3. Nc3 Bb4 4. e5 Ne7 5. a3 Bxc3+ 6. bxc3 c5 7. Bd3 Qa5 8.
Bd2 c4 9. Be2 Bd7 10. h4 Ba4 11. h5 h6 12. Nh3 Nbc6 13. O-O O-O-O 14. Ra2
Rdg8 15. Kh2 Qd8 16. g4 b5 17. Rb2 a6 18. f4 g6 19. hxg6 fxg6 20. Be3 Qe8
21. Kg2 h5 22. Ng5 hxg4 23. Bxg4 Nf5 24. Bf2 Nd8 25. Qe2 Nf7 26. Rbb1 Nxg5
27. fxg5 Nh4+ 28. Bxh4 Rxh4 29. Rf6 Rgh8 30. Rxe6 Rh2+ 31. Kg3 Qd7 32. Rc6+
Kb7 33. Qxh2 Qxg4+ 34. Kxg4 Rxh2 35. Rxg6 Bxc2 36. Rg7+ Kb6 37. Rf1 a5 38.
Rf6# {Black checkmated} 1-0